 Dungeon Crawl Stone Soup version 0.30-a0-652-gcc886f7154 (webtiles) character file.

Game seed: 6642656670146483522

3840 pokeman the Thaumaturge (level 9, -2/48 HPs)
             Began as a Deep Elf Hedge Wizard on Jan 18, 2023.
             Was a Follower of Vehumet.
             Killed by miscasting Fireball (8 damage)
             ... on level 8 of the Dungeon.
             The game lasted 00:20:58 (7916 turns).

pokeman the Thaumaturge (Deep Elf Hedge Wizard)     Turns: 7916, Time: 00:20:59

Health: -2/48      AC:  4    Str:  9    XL:     9   Next: 98%
Magic:  14/35      EV: 13    Int: 30    God:    Vehumet [*.....]
Gold:   37         SH:  0    Dex: 14    Spells: 17/31 levels left

rFire   + + +      SeeInvis +    O - +11 rapier "Jotot" {flame, Drain rElec rF+++ MP+9}
rCold   . . .      Faith    .    (no shield)
rNeg    + . .      Spirit   .    b - +0 robe
rPois   .          Reflect  .    x - +0 helmet
rElec   +          Harm     .    a - +0 cloak
rCorr   .          Rampage  .    (no gloves)
Will    .....                    (no boots)
Stlth   ++                       L - amulet "Igoabb" {RegenMP rElec rN+ Str+2}
HPRegen 0.28/turn                H - ring of see invisible
MPRegen 0.64/turn                I - +6 ring of intelligence

@: very slightly contaminated
A: no striking features
a: Renounce Religion


You were on level 8 of the Dungeon.
You worshipped Vehumet.
Vehumet was aware of your devotion.
You visited 2 branches of the dungeon, and saw 9 of its levels.
You also visited: Sewer.

You collected 457 gold pieces.
You spent 420 gold pieces at shops.

Inventory:

Hand Weapons
 M - a +2 whip of pain
 O - the +11 rapier "Jotot" (weapon) {flame, Drain rElec rF+++ MP+9}
   (You found it on level 7 of the Dungeon)

   rF:        It renders you almost immune to fire.
   rElec:     It insulates you from electricity.
   MP:        It affects your magic capacity (+9).
   Drain:     It drains your maximum health when unequipped.
Armour
 a - a +0 cloak (worn)
 b - a +0 robe (worn)
 c - a +0 hat
 k - a +0 ring mail of fire resistance
 v - the +3 leather armour of Honesty {Rampage rC- rCorr Dex+2}
   (You took it off an orc on level 3 of the Dungeon)

   Dex:       It affects your dexterity (+2).
   rC:        It makes you vulnerable to cold.
   rCorr:     It protects you from acid and corrosion.
   Rampage:   It bestows one free step when moving towards enemies.
 x - a +0 helmet (worn)
Magical Staves
 q - a staff of fire
Jewellery
 n - an amulet of magic regeneration
 F - a ring of ice
 H - a ring of see invisible (left hand)
 I - a +6 ring of intelligence (right hand)
 L - the amulet "Igoabb" (around neck) {RegenMP rElec rN+ Str+2}
   (You found it on level 6 of the Dungeon)

   [amulet of magic regeneration]

   It increases your rate of magic regeneration.
   Str:       It affects your strength (+2).
   rElec:     It insulates you from electricity.
   rN:        It protects you from negative energy.
Wands
 G - a wand of mindburst (5)
 K - a wand of flame (9)
Scrolls
 e - a scroll of torment {unknown}
 j - a scroll of vulnerability {unknown}
 m - 6 scrolls of identify {unknown}
 o - 4 scrolls of amnesia {unknown}
 p - a scroll of magic mapping {unknown}
 t - 2 scrolls of noise {unknown}
 w - 3 scrolls of immolation {unknown}
 y - a scroll of enchant armour {unknown}
 A - 5 scrolls of teleportation {unknown}
 C - a scroll of blinking {unknown}
 E - a scroll of butterflies {unknown}
Potions
 d - 2 potions of magic
 f - 2 potions of heal wounds {unknown}
 g - 2 potions of haste {unknown}
 h - a potion of ambrosia {unknown}
 i - 3 potions of mutation {unknown}
 l - 2 potions of lignification {unknown}
 r - 2 potions of brilliance {unknown}
 s - a potion of attraction {unknown}
 u - a potion of cancellation {unknown}
 z - 3 potions of flight {unknown}
 B - a potion of invisibility {unknown}
 D - 3 potions of resistance {unknown}
 J - a potion of might {unknown}
 N - a potion of curing {unknown}


   Skills:
 - Level 2.0 Fighting
 + Level 4.0 Armour
 - Level 3.0 Dodging
 - Level 3.0 Stealth
 * Level 11.8 Spellcasting
 + Level 6.5 Conjurations
 - Level 5.1 Summonings
 + Level 2.4 Necromancy
 - Level 1.1 Translocations
 + Level 5.4 Fire Magic
 - Level 1.2 Air Magic
 - Level 1.4 Poison Magic
 - Level 1.3 Evocations


You had 17 spell levels left.
You knew the following spells:

 Your Spells              Type           Power      Damage    Failure   Level
a - Magic Dart            Conj           100%       1d8       1%          1
b - Mephitic Cloud        Conj/Pois/Air  36%        N/A       2%          3
c - Call Imp              Summ           48%        N/A       1%          2
d - Blink                 Tloc           48%        N/A       2%          2
e - Foxfire               Conj/Fire      100%       2x1d9     1%          1
f - Fireball              Conj/Fire      26%        3d12      7%          5

Your spell library contained the following spells:

 Spells                   Type           Power      Damage    Failure   Level
 Kiss of Death            Conj/Necr      100%       2d13      1%          1
 Momentum Strike          Conj/Tloc      80%        3d10      1%          2
 Cigotuvi's Dreadful Rot  Necr/Pois/Air  56%        N/A       2%          2
 Lesser Beckoning         Tloc           48%        N/A       2%          2
 Slow                     Hex            68%        N/A       3%          1
 Starburst                Conj/Fire      26%        6d8       36%         6


Dungeon Overview and Level Annotations

Branches:
Dungeon (8/15)             Temple (1/1) D:6           Sewer (visited)
   Lair: D:8-11

Altars:
Cheibriados
Dithmenos
Elyvilon
Gozag
Kikubaaqudgha
Makhleb
Nemelex Xobeh
Okawaru
Qazlal
Ru
Sif Muna
Trog
Uskayaw
Vehumet
Wu Jian
Xom
Yredelemnul
Zin

Shops:
D:1 [   D:2 :

Annotations:
D:8 1 transporter, CraigOfTheCreek's ghost, novice DrWn


Message History

Confirm with . or Enter, or press ? or * to list all spells.
The spell is quite dangerous to miscast (8% risk of failure)!
Continue anyway?
Aiming: Fireball (quite dangerous; 8% risk of failure)
Press: ? - help, Shift-Dir - straight line, f/p - Prince Ribbit
Aim: Prince Ribbit (heavily wounded, confused)
The fireball explodes!
The fireball engulfs Prince Ribbit!!
You kill Prince Ribbit!
Vehumet accepts your kill.
Prince Ribbit returns to his original shape as he dies.
The fireball engulfs the wight!
The wight is almost destroyed.
The fireball engulfs the wight!
You destroy the wight!
Vehumet accepts your kill.
The wight throws a stone.
The stone hits you.
* * * LOW HITPOINT WARNING * * *
Your Armour skill increases to level 4!
Casting: Fireball (quite dangerous; 7% risk of failure)
Confirm with . or Enter, or press ? or * to list all spells.
The spell is quite dangerous to miscast (7% risk of failure)!
Continue anyway?
Aiming: Fireball (quite dangerous; 7% risk of failure)
Press: ? - help, Shift-Dir - straight line, f - wight
Aim: a wight, wielding a +0 long sword, wearing a +0 robe and quivering stones (almost destroyed)
The fireball explodes!
The fireball engulfs the wight!
You destroy the wight!
Vehumet accepts your kill.
You feel your power returning. Vehumet accepts your kill.
You feel a bit more experienced.
The fireball engulfs the wight.
The wight is moderately damaged.
Casting: Fireball (quite dangerous; 7% risk of failure)
Confirm with . or Enter, or press ? or * to list all spells.
The spell is quite dangerous to miscast (7% risk of failure)!
Continue anyway?
Aiming: Fireball (quite dangerous; 7% risk of failure)
Press: ? - help, Shift-Dir - straight line, f - wight
Aim: a wight, wielding a +3 morningstar, wearing a +0 robe and carrying a wand of polymorph (7) (moderately damaged)
You miscast Fireball.
You are very lightly contaminated with residual magic.
You feel a strange surge of energy!
You die...

........J#.z###.#
........c#....#.#
....©...o#©..z#.#######
.......W#....z)z.....#
.......#..#.##†######
.....8#..#.##.#
.....##..#.##[#
#####...#.##.#
...........@#
.....##.#### #.


You could see a wight.

Vanquished Creatures
  A kobold demonologist (D:4)
  Prince Ribbit (D:8)
  A wyvern (D:7)
  A water moccasin (D:5)
  An orc warrior (D:6)
  2 ice beasts
  A black bear (D:7)
  2 ogres
  2 centaurs
  2 phantoms
  4 bullfrogs
  4 scorpions
  3 wights (D:8)
  5 killer bees (D:7)
  A howler monkey (D:7)
  5 hounds
  8 orc priests
  3 iguanas
  2 gnoll boudas
  12 orc wizards
  9 gnolls
  15 adders
  3 river rats (Sewer)
  5 shadow imps
  A white imp (D:6)
  A worm (D:3)
  3 dart slugs
  23 orcs
  10 endoplasms
  11 giant cockroaches
  7 goblins
  5 hobgoblins
  4 quokkas
  20 ball pythons
  6 bats
  4 frilled lizards
  8 kobolds
  29 rats
225 creatures vanquished.

Vanquished Creatures (collateral kills)
  A bullfrog (Sewer)
  A scorpion (D:5)
2 creatures vanquished.

Vanquished Creatures (others)
  19 foxfires (D:8)
  A plant (D:4)
20 creatures vanquished.

Grand Total: 247 creatures vanquished

Notes
Turn   | Place    | Note
-------+----------+-------------------------------------------
     0 | D:1      | pokeman the Deep Elf Hedge Wizard began the quest for the
                  | Orb.
     0 | D:1      | Reached XP level 1. HP: 10/10 MP: 7/7
   366 | D:1      | Reached XP level 2. HP: 16/16 MP: 3/9
   646 | D:1      | Found Renif's Armour Shoppe.
   797 | D:1      | Reached skill level 5 in Spellcasting
   843 | D:1      | Reached XP level 3. HP: 20/20 MP: 3/11
   847 | D:1      | Learned a level 3 spell: Mephitic Cloud
   850 | D:1      | Learned a level 2 spell: Call Imp
   853 | D:1      | Learned a level 2 spell: Blink
  1323 | D:1      | Reached skill level 1 in Armour
  1716 | D:2      | Found Vogguihy's Book Shop.
  1723 | D:2      | Reached skill level 1 in Fighting
  2218 | D:3      | Found a basalt altar of Yredelemnul.
  2528 | D:3      | Identified the +3 leather armour of Honesty {Rampage rC-
                  | rCorr Dex+2}
  2530 | D:3      | Reached XP level 4. HP: 21/25 MP: 13/13
  3166 | D:4      | Found a glowing drain.
  3181 | Sewer    | Entered a sewer
  3309 | Sewer    | Reached XP level 5. HP: 29/29 MP: 10/15
  3375 | Sewer    | Reached skill level 6 in Spellcasting
  3481 | Sewer    | Reached skill level 1 in Fire Magic
  3540 | Sewer    | Reached skill level 1 in Air Magic
  3540 | Sewer    | Reached XP level 6. HP: 10/34 MP: 8/17
  3543 | Sewer    | Reached skill level 1 in Poison Magic
  3559 | Sewer    | Reached skill level 7 in Spellcasting
  3763 | D:4      | Reached skill level 1 in Evocations
  3969 | D:4      | Reached XP level 7. HP: 25/38 MP: 14/19
  4092 | D:4      | You fall into a shaft and drop 3 floors!
  4122 | D:7      | Reached skill level 8 in Spellcasting
  4300 | D:5      | Entered Level 5 of the Dungeon
  4469 | D:5      | Reached XP level 8. HP: 22/44 MP: 17/22
  4619 | D:4      | Found a transporter.
  4629 | D:4      | Noticed a kobold demonologist
  4670 | D:4      | Found a transporter.
  5000 | D:4      | Reached skill level 9 in Spellcasting
  5091 | D:4      | Killed a kobold demonologist
  5267 | D:5      | Reached skill level 5 in Conjurations
  5286 | D:5      | Found a snail-covered altar of Cheibriados.
  5348 | D:5      | Found an opulent altar of Gozag.
  5423 | D:5      | Reached skill level 10 in Spellcasting
  5542 | D:5      | Reached XP level 9. HP: 31/48 MP: 18/25
  5778 | D:6      | Identified the amulet "Igoabb" {RegenMP rElec rN+ Str+2}
  5911 | D:6      | Found a stormy altar of Qazlal.
  6000 | D:6      | Found a staircase to the Ecumenical Temple.
  6007 | Temple   | Entered the Ecumenical Temple
  6015 | Temple   | Became a worshipper of Vehumet
  6175 | D:6      | Found a shimmering blue altar of Sif Muna.
  6423 | D:6      | Found an ancient bone altar of Kikubaaqudgha.
  6514 | D:6      | Reached skill level 1 in Necromancy
  6985 | D:7      | Reached skill level 11 in Spellcasting
  6989 | D:7      | Identified the +11 rapier "Jotot" {flame, Drain rElec rF+++
                  | MP+9}
  7102 | D:7      | Reached * piety under Vehumet
  7102 | D:7      | Offered knowledge of Kiss of Death by Vehumet.
  7143 | D:7      | Reached skill level 5 in Summonings
  7143 | D:7      | Reached skill level 5 in Fire Magic
  7539 | D:2      | Bought a book of Fire for 420 gold pieces
  7541 | D:2      | Learned a level 1 spell: Foxfire
  7547 | D:2      | Learned a level 5 spell: Fireball
  7893 | D:8      | Found a transporter.
  7897 | D:8      | Noticed CraigOfTheCreek's ghost (novice DrWn)
  7899 | D:8      | Noticed Prince Ribbit
  7914 | D:8      | Killed Prince Ribbit
  7916 | D:8      | Killed by miscasting Fireball

Illustrated notes

Levels and vault maps discovered:
D:1:      dpeg_arrival_prison, layout_loops_cross, serial_shops, shop,
          minmay_cut_off
D:2:      layout_rooms, serial_shops, nicolae_diamond_shop, minmay_door_square,
          nicolae_elevator_lobby_plus
D:3:      layout_loops_corners, yredelemnul_altar_generic,
          kennysheep_generic_room_15
D:4:      gammafunk_wand_slinger, layout_loops_corners, gup_sewer_entry_pipe,
          skrybe_limestone_x
D:5:      layout_cave_pools, grunt_gozag_statues, amcnicky_altar_gilded,
          serial_park_tiny_pond, columned_hall_lemuel, kennysheep_cross_room
D:6:      layout_layer_cave, nicolae_qazlal_eye_of_the_storm,
          mainiacjoe_overflow_alcove_2, kennysheep_orc_sif_temple,
          minmay_temple_entry_trees
D:7:      layout_rooms
D:8:      layout_loops_cross, gammafunk_ghost_arena,
          hangedman_abyss_or_decor_stabs, st_stairs_14, kennysheep_just_a_vault,
          uniq_prince_ribbit1, uniq_maggie, uniq_maurice
Temple:   nicolae_temple_no_exploring_needed

Skill      XL: |  1  2  3  4  5  6  7  8  9 |
---------------+----------------------------+-----
Spellcasting   | 5 6 7 8 10 11 | 11.8
Armour         | 1 2 4 |  4.0
Conjurations   | 2 3 4 5 6 |  6.5
Fighting       | 1 2 |  2.0
Dodging        | 3 |  3.0
Stealth        | 3 |  3.0
Fire Magic     | 1 2 4 5 |  5.4
Air Magic      | 1 |  1.2
Poison Magic   | 1 |  1.4
Evocations     | 1 |  1.3
Summonings     | 2 4 5 |  5.1
Necromancy     | 2 |  2.4
Translocations | |  1.1

Action                   |  1- 3 |  4- 6 |  7- 9 || total
-------------------------+-------+-------+-------++-------
Melee: Dagger            |    10 |       |    77 ||    87
       Punch             |     2 |       |       ||     2
       Mace              |     8 |    23 |       ||    31
       Rapier            |       |       |    12 ||    12
 Cast: Magic Dart        |   133 |   164 |   278 ||   575
       Mephitic Cloud    |     1 |     5 |    34 ||    40
       Blink             |       |     2 |     2 ||     4
       Call Imp          |       |       |     5 ||     5
       Foxfire           |       |       |    10 ||    10
       Fireball          |       |       |     3 ||     3
 Stab: Confused          |       |     1 |    11 ||    12
Armor: Robe              |     6 |    21 |    25 ||    52
Dodge: Dodged            |    35 |    84 |    88 ||   207

Table legend: (Time is in decaauts)
 A = Elapsed time spent in this place.
 B = Non-inter-level travel time spent in this place.
 C = Inter-level travel time spent in this place.
 D = Time resting spent in this place.
 E = Time spent auto-exploring this place.
 F = Levels seen in this place.
 G = Mean time per level.
                   A        B        C        D        E       F      G
               +--------+--------+--------+--------+--------+-----+--------+
         Total |   7977 |   7514 |    463 |     76 |   5935 |  10 |  797.7 |
       Dungeon |   7423 |   6967 |    456 |     76 |   5572 |   8 |  927.9 |
        Temple |     16 |      9 |      7 |      0 |      0 |   1 |   16.0 |
         Sewer |    537 |    537 |      0 |      0 |    363 |   1 |  537.0 |
               +--------+--------+--------+--------+--------+-----+--------+

Top non-repeatable levels by time:
     D:1: 1639 daAuts
     D:4: 1183 daAuts
     D:6: 1157 daAuts
     D:3: 1055 daAuts
     D:5: 818 daAuts
     D:7: 680 daAuts
   Sewer: 537 daAuts
     D:2: 530 daAuts
     D:8: 359 daAuts
  Temple: 16 daAuts
